 Dungeon Crawl Stone Soup version 0.29.1-14-g9c671dbff4 (webtiles) character file.

Game seed: 12424627762486520577

48 Ast3rio the Trooper (level 3, -3/33 HPs)
             Began as a Hill Orc Fighter on Feb 14, 2023.
             Slain by Crazy Yiuf
             ... wielding a +2 quarterstaff of chaos
              (11 damage)
             ... on level 2 of the Dungeon.
             The game lasted 00:02:37 (2066 turns).

Ast3rio the Trooper (Hill Orc Fighter)              Turns: 2066, Time: 00:02:37

Health: -3/33      AC:  7    Str: 20    XL:     3   Next: 72%
Magic:  0/1        EV:  9    Int:  8    God:
Gold:   142        SH:  4    Dex: 10    Spells: 2/2 levels left

rFire   . . .      SeeInvis .   o - +1 dagger (antimagic)
rCold   . . .      Faith    .   c - +0 buckler
rNeg    . . .      Spirit   .   b - +0 scale mail
rPois   .          Reflect  .   (no helmet)
rElec   .          Harm     .   (no cloak)
rCorr   .          Rampage  .   (no gloves)
Will    .....                   (no boots)
Stlth   ..........              (no amulet)
HPRegen 0.11/turn               (no ring)
MPRegen 0.07/turn               (no ring)

@: hasted, studying Stealth, very quick
A: no striking features
a: no special abilities


You were on level 2 of the Dungeon.
You visited 1 branch of the dungeon, and saw 2 of its levels.

You collected 142 gold pieces.

Inventory:

Hand Weapons
 a - a +0 war axe
 o - a +1 antimagic dagger (weapon)
Armour
 b - a +0 scale mail (worn)
 c - a +0 buckler (worn)
 p - a +0 barding
Jewellery
 i - a ring of wizardry
 m - a ring of fire
 n - a +4 ring of protection
Scrolls
 f - 4 scrolls of identify {unknown}
 g - a scroll of immolation {unknown}
 h - a scroll of summoning {unknown}
 j - a scroll of fog {unknown}
 l - 3 scrolls of teleportation {unknown}
Potions
 d - a potion of might
 e - 4 potions of invisibility {unknown}
 k - a potion of lignification {unknown}


   Skills:
 + Level 4.1 Fighting
 + Level 3.4 Axes
 + Level 3.9 Armour
 + Level 0.1 Dodging
 + Level 0.2 Stealth
 + Level 3.6 Shields


You had 2 spell levels left.
You didn't know any spells.
Your spell library contained the following spells:

 Spells                   Type           Power      Damage    Failure   Level
 Ensorcelled Hibernation  Hex/Ice        0%         N/A       94%         2
 Spider Form              Tmut/Pois      0%         N/A       99%         3
 Anguish                  Hex/Necr       0%         N/A       100%        4


Dungeon Overview and Level Annotations

Branches:
Dungeon (2/15)

Altars:
Xom

Annotations:
D:2 Crazy Yiuf


Message History

Crazy Yiuf shouts!
Crazy Yiuf says, "Ghoul snockshim tea!"
Could not explore, unopened runed door.
You open the door. You hit Crazy Yiuf.
Crazy Yiuf is lightly wounded.
Crazy Yiuf hits you with a +2 quarterstaff of chaos!
Crazy Yiuf draws strength from your wounds!
You hit Crazy Yiuf.
Crazy Yiuf is lightly wounded.
Crazy Yiuf hits you with a +2 quarterstaff of chaos.
You resist with some effort.
You hit Crazy Yiuf but do no damage. Crazy Yiuf closely misses you.
You barely miss Crazy Yiuf.
Crazy Yiuf yells, "Line pizzabubble Xom!"
Crazy Yiuf hits you with a +2 quarterstaff of chaos!
* * * LOW HITPOINT WARNING * * *
You feel your power leaking away.
You barely miss Crazy Yiuf. Crazy Yiuf hits you but does no damage.
You barely miss Crazy Yiuf.
Crazy Yiuf yells, "Millenium!
Trifle ena meccalolo."
You block Crazy Yiuf's attack.
You hit Crazy Yiuf but do no damage. You block Crazy Yiuf's attack.
You closely miss Crazy Yiuf. Crazy Yiuf barely misses you.
You hit Crazy Yiuf.
Crazy Yiuf is lightly wounded.
Crazy Yiuf closely misses you.
You closely miss Crazy Yiuf.
Crazy Yiuf is lightly wounded.
Crazy Yiuf hits you with a +2 quarterstaff of chaos.
* * * LOW HITPOINT WARNING * * *
You hit Crazy Yiuf.
Crazy Yiuf is moderately wounded.
Crazy Yiuf cries, "You leg down broken song, no?"
Crazy Yiuf hits you but does no damage.
You feel yourself speed up.
You hit Crazy Yiuf.
Crazy Yiuf is heavily wounded.
Crazy Yiuf cries, "Ten sizzlefizz alas!"
Crazy Yiuf hits you with a +2 quarterstaff of chaos!
You die...

##.#....####.........#.
##.##.## ##.......##.
#.#### ##.....###. ###
##...## #. ##'## #.
########.# #[ ###
###.#....#.# #.
#...##..#.......## ##
#...g@####.......#####
#)..### ##...........
### ####<..#####
#......## ##..##...
#..##### #.......
#....... #.######


You could see Crazy Yiuf.

Vanquished Creatures
  2 dart slugs
  5 endoplasms
  5 goblins (D:1)
  4 hobgoblins
  4 jackals (D:1)
  A quokka (D:2)
  6 ball pythons
  3 bats
  3 frilled lizards
  A kobold (D:2)
  6 rats
40 creatures vanquished.

Notes
Turn   | Place    | Note
-------+----------+-------------------------------------------
     0 | D:1      | Ast3rio the Hill Orc Fighter began the quest for the Orb.
     0 | D:1      | Reached XP level 1. HP: 19/19 MP: 1/1
   115 | D:1      | Reached XP level 2. HP: 16/27 MP: 2/2
   407 | D:1      | Reached skill level 4 in Fighting
   657 | D:1      | Reached XP level 3. HP: 33/33 MP: 3/3
  1453 | D:2      | Found a shimmering altar of Xom.
  1899 | D:2      | Found a runed translucent door.
  1900 | D:2      | Noticed Crazy Yiuf
  2066 | D:2      | Slain by Crazy Yiuf

Illustrated notes

Levels and vault maps discovered:
D:1:      lightli_arrival_quake, layout_rooms
D:2:      layout_loops_corners, basic_altar, minmay_pentomino_t2,
          uniq_crazy_yiuf_cottage

Skill      XL: |  1  2 |
---------------+-------+-----
Axes           | 3 |  3.4
Fighting       | 4 |  4.1
Armour         | |  3.9
Dodging        | |  0.1
Stealth        | |  0.2
Shields        | |  3.6

Action                   || total
-------------------------++-------
Melee: War axe           ||    91
       Dagger            ||    33
Armor: Scale mail        ||    53
Dodge: Dodged            ||    60
Block: Buckler           ||    26
